 Dungeon Crawl Stone Soup version 0.31-a0-845-g9abc20d24f (webtiles) character file.

Game seed: 10884525971176407976

47 demibob the Ruffian (level 3, 0/31 HPs)
             Began as a Draconian Chaos Knight on Oct 2, 2023.
             Was a Plaything of Xom.
             Slain by a worm (5 damage)
             ... on level 2 of the Dungeon.
             The game lasted 00:02:20 (1545 turns).

demibob the Ruffian (Draconian Chaos Knight)        Turns: 1545, Time: 00:02:22

Health: 0/31       AC:  5    Str: 14    XL:     3   Next: 48%
Magic:  3/3        EV: 12    Int: 12    God:    Xom [..*...]
Gold:   112        SH:  0    Dex: 12    Spells: 2/2 levels left

rFire   . .          .
                       - Unarmed
rCold   . . .        (no shield)
rNeg    . . .        (body armour unavailable)
rPois   .            (helmet restricted)
rElec   .            (no cloak)
rCorr   .            (no gloves)
SInv    .            (no boots)
Will    .....        (no amulet)
Stlth   +            (no ring)
HPRegen 0.25/turn    (no ring)
MPRegen 0.08/turn

%: no passive effects
@: no status effects
A: AC +5, unfitting armour, cold-blooded
a: Renounce Religion


You were on level 2 of the Dungeon.
You worshipped Xom.
You were a toy of Xom.
You visited 1 branch of the dungeon, and saw 2 of its levels.

You collected 112 gold pieces.


Innate Abilities, Weirdness & Mutations

Your plain brown scales are hard. (AC +5)
You cannot fit into any form of body armour.
You are cold-blooded and may be slowed by cold attacks.


   Skills:
 - Level 3.2 Fighting
 - Level 2.1 Dodging
 + Level 4.5 Unarmed Combat


You had 2 spell levels left.
You didn't know any spells.
Your spell library was empty.

Inventory:

Scrolls
 a - a scroll of butterflies
 b - a scroll of identify {@r1}
 c - 2 scrolls of teleportation {unknown}
 g - a scroll of blinking {unknown}
 i - a scroll of silence {unknown}
Potions
 d - 2 potions of curing {@q1}
 e - a potion of brilliance
 f - 2 potions of heal wounds {unknown}
 h - a potion of attraction {unknown}

Dungeon Overview and Level Annotations

Branches:
Dungeon (2/15)

Altars:

Annotations:
D:2 1 runed translucent door, Crazy Yiuf

###### #....# #.##.##
########.....#########
........@.#..........#
.......w>.#..........#
..........#..........#
..$.......#.....#+####
#######.....##..#.#
#...........#
#.#.......###
#.......#.#########
###......<.........


You could see a worm.


Message History

The worm bites you.
You hit the worm.
The worm is heavily wounded.
The worm closely misses you.
You barely miss the worm.
The worm is heavily wounded.
You hit the worm.
The worm is heavily wounded.
The worm bites you!
You barely miss the worm. You tail-slap the worm.
The worm is heavily wounded.
You hit the worm. You tail-slap the worm.
The worm is severely wounded.
The worm barely misses you.
You hit the worm.
The worm is almost dead.
You hit the worm but do no damage.
The worm is almost dead.
The worm bites you!
* * * LOW HITPOINT WARNING * * *
A worm is nearby!
You hit the worm.
The worm is almost dead.
The worm bites you.
* * * LOW HITPOINT WARNING * * *
You barely miss the worm.
The worm is almost dead.
The worm attacks as it pursues you! The worm bites you.
You die... "Huh?
Did I miss anything?"

Skill      XL: |  1  2 |
---------------+-------+-----
Unarmed Combat | 4 |  4.5
Fighting       | |  3.2
Dodging        | |  2.1

Action                     || total
---------------------------++-------
  Melee: Unarmed           ||   114
         Tailslap          ||    15
         Punch             ||     5
    Use: Scroll            ||     3
   Stab: Sleeping          ||     1
 Armour: Skin              ||    55
  Dodge: Dodged            ||    68

Levels and vault maps discovered:
D:1:      kb_arrival_jail, layout_basic, chequers_ecumenical_altar_simple,
          serial_co_window_serial, co_window_paths_b, co_window_paths_a,
          co_window_corner_a, co_window_paths_a, co_window_paths_b,
          co_window_of_opportunity_a, co_window_paths_a, co_window_corner_ca,
          co_window_of_opportunity_c, co_window_unsneaky_path_c,
          co_window_broadway_c, co_window_corner_ca, co_window_paths_c,
          co_window_paths_d, glass_columns_a, glass_columns_b, glass_columns_a,
          glass_columns_c, glass_columns_c
D:2:      layout_basic, uniq_crazy_yiuf_cottage

Notes
Turn   | Place    | Note
-------+----------+-------------------------------------------
     0 | D:1      | demibob the Draconian Chaos Knight began the quest for the
                  | Orb.
     0 | D:1      | Reached XP level 1. HP: 19/19 MP: 1/1
     2 | D:1      | Noticed a merfolk
     2 | D:1      | Noticed a troll
     4 | D:1      | Noticed an ogre
     4 | D:1      | Noticed a formicid
     6 | D:1      | Noticed a meteoran
     6 | D:1      | Noticed a spriggan
     8 | D:1      | Noticed a ghoul
     8 | D:1      | Noticed an elf
    10 | D:1      | Noticed a naga
    10 | D:1      | Noticed a vine stalker
    12 | D:1      | Noticed a vampire
    14 | D:1      | Noticed a demigod
    16 | D:1      | Noticed a human
    16 | D:1      | Noticed a felid
    18 | D:1      | Noticed a minotaur
    18 | D:1      | Noticed an octopode
    20 | D:1      | Noticed a tengu
    20 | D:1      | Noticed a gargoyle
    22 | D:1      | Noticed an armataur
    22 | D:1      | Noticed a demonspawn
    24 | D:1      | Noticed an octopode
    26 | D:1      | Noticed a demonspawn
    26 | D:1      | Noticed a spriggan
   272 | D:1      | Found a faded altar of an unknown god.
   320 | D:1      | Reached XP level 2. HP: 23/26 MP: 2/2
   634 | D:1      | XOM: silly message
   844 | D:1      | Reached skill level 4 in Unarmed Combat
   882 | D:1      | XOM: silly message
  1096 | D:1      | XOM is BORED!
  1096 | D:1      | XOM: silly message
  1124 | D:2      | Reached XP level 3. HP: 31/31 MP: 3/3
  1207 | D:2      | XOM: smoke on damage
  1431 | D:2      | XOM: noise
  1462 | D:2      | Found a runed translucent door.
  1463 | D:2      | Noticed Crazy Yiuf
  1545 | D:2      | Slain by a worm

Vanquished Creatures
  3 dart slugs
  A ball python (D:2)
  2 bats (D:1)
  4 endoplasms
  2 giant cockroaches (D:2)
  4 goblins
  2 hobgoblins (D:1)
  5 jackals
  4 quokkas
  3 frilled lizards (D:1)
  4 kobolds
  A rat (D:2)
35 creatures vanquished.

Table legend: (Time is in decaauts)
 A = Elapsed time spent in this place.
 B = Non-inter-level travel time spent in this place.
 C = Inter-level travel time spent in this place.
 D = Time resting spent in this place.
 E = Time spent auto-exploring this place.
 F = Levels seen in this place.
 G = Mean time per level.
                   A        B        C        D        E       F      G
               +--------+--------+--------+--------+--------+-----+--------+
         Total |   1539 |   1497 |     42 |      0 |   1240 |   2 |  769.5 |
       Dungeon |   1539 |   1497 |     42 |      0 |   1240 |   2 |  769.5 |
               +--------+--------+--------+--------+--------+-----+--------+

Top non-repeatable levels by time:
     D:1: 1101 daAuts
     D:2: 438 daAuts

Table legend:
 A = Non-vault XP
 B = Vault XP
 C = Vault XP percentage of total XP
 D = Non-vault monster count
 E = Vault monster count
 F = Vault count percentage of total count
                 A         B        C        D         E       F
            +---------+---------+-------+---------+---------+-------
      Total |      68 |       0 |   0.0 |      35 |       0 |   0.0
            +---------+---------+-------+---------+---------+-------
        D:1 |      32 |       0 |   0.0 |      18 |       0 |   0.0
        D:2 |      36 |       0 |   0.0 |      17 |       0 |   0.0
            +---------+---------+-------+---------+---------+-------
